 Dungeon Crawl Stone Soup version 0.19-a0-994-g3c636f0 (webtiles) character file.

490 poirepourri the Magician (level 6, -3/32 HPs)
             Began as a Deep Elf Conjurer on July 16, 2016.
             Slain by an iguana (13 damage)
             ... on level 5 of the Dungeon.
             The game lasted 00:05:06 (4116 turns).

poirepourri the Magician (Deep Elf Conjurer)        Turns: 4116, Time: 00:05:07

Health: -3/32      AC:  3    Str:  5    XL:     6   Next: 90%
Magic:  2/18       EV: 13    Int: 22    God:
Gold:   213        SH:  0    Dex: 15    Spells: 3 memorised, 14 levels left

rFire  . . .     SeeInvis .     p - +1 short sword
rCold  . . .     Gourm    .     a - +1 robe
rNeg   . . .     Faith    .     (no shield)
rPois  .         Spirit   .     (no helmet)
rElec  .         Dismiss  .     (no cloak)
rCorr  .         Reflect  .     (no gloves)
SustAt .         Harm     .     (no boots)
MR     .....                    (no amulet)
Stlth  ++........               (no ring)
                                (no ring)

@: not resistant to hostile enchantments, unstealthy
A: no striking features
a: no special abilities


You were on level 5 of the Dungeon.
You were not hungry.

You visited 1 branch of the dungeon, and saw 5 of its levels.

You collected 213 gold pieces.

Inventory:

Hand Weapons
 p - a +1 short sword (weapon)
Armour
 a - a +1 robe (worn)
Wands
 d - a wand of enslavement (15/24)
 l - a wand of iceblast (7/15)
 t - a wand of confusion (9/48)
Scrolls
 n - 2 scrolls of remove curse
 o - a scroll of magic mapping
 q - 2 scrolls of teleportation {unknown}
 s - a scroll of identify
Potions
 e - a potion of mutation {unknown}
 f - a potion of ambrosia {unknown}
 h - a potion of heal wounds {unknown}
 i - a potion of lignification {unknown}
 j - a potion of degeneration {unknown}
 k - 2 potions of invisibility
 m - a potion of agility {unknown}
Books
 b - a book of Conjurations

   Spells                             Type                      Level
   a - Magic Dart                     Conjuration                  1
   b - Searing Ray                    Conjuration                  2
   c - Dazzling Spray                 Conjuration/Hexes            3
   d - Fulminant Prism                Conjuration/Hexes            4
   e - Iskenderun's Mystic Blast      Conjuration                  4
   f - Iskenderun's Battlesphere      Conjuration/Charms           5
Comestibles
 c - 3 bread rations
 g - 4 fruits
 r - a meat ration


   Skills:
 - Level 2.5 Dodging
 - Level 2.4 Stealth
 * Level 7.7 Spellcasting
 + Level 6.8 Conjurations


You had 14 spell levels left.
You knew the following spells:

 Your Spells              Type           Power        Failure   Level  Hunger
a - Magic Dart            Conj           ####         1%          1    None
b - Searing Ray           Conj           #####.       1%          2    None
c - Dazzling Spray        Conj/Hex       ###...       8%          3    None


Dungeon Overview and Level Annotations

Branches:
Dungeon (5/15)
 Temple: D:4-7

Altars:
Elyvilon
Trog
The Shining One


Message History

Aim: an iguana (moderately wounded)
The magic dart hits the iguana.
The iguana is moderately wounded.
The iguana bites you!
Casting: Magic Dart
Confirm with . or Enter, or press ? or * to list all spells.
You don't know that spell.
Unknown command.
Casting: Magic Dart
Confirm with . or Enter, or press ? or * to list all spells.
Aiming: Searing Ray
Press: ? - help, Shift-Dir - straight line, f/p - iguana
Aim: an iguana (moderately wounded)
The searing ray hits the iguana.
The iguana is moderately wounded.
The iguana barely misses you.
The searing ray hits the iguana.
The iguana is severely wounded.
The iguana bites you!
You die...

#.. #... #..# #..# #
..# .# # #.# #.#.#
#.#####.#####....###
#........@l.........
######.##s.#....###
#)##..##....#
#)##..# .#.#.#
#)#...# . ...
#########).###. #.
.# .......<..># ..
.. # ##########.# .#
## #... ##


You could see a scorpion and an iguana.

Vanquished Creatures
  A phantom (D:4)
  An ogre (D:3)
  An orc priest (D:5)
  A hound (D:4)
  An iguana (D:4)
  2 orc wizards
  3 gnolls (D:3)
  6 adders
  3 worms (D:2)
  A dart slug (D:2)
  A giant gecko (D:1)
  12 orcs
  2 ball pythons
  4 bats
  6 giant cockroaches
  4 goblins
  13 hobgoblins
  6 kobolds
  A quokka (D:2)
  6 giant newts
  A jackal skeleton (D:4)
  7 rats
83 creatures vanquished.

Notes
Turn   | Place    | Note
-------+----------+-------------------------------------------
     0 | D:1      | poirepourri the Deep Elf Conjurer began the quest for the Orb.
     0 | D:1      | Reached XP level 1. HP: 10/10 MP: 6/6
    74 | D:1      | Reached XP level 2. HP: 15/15 MP: 1/8
   468 | D:1      | Reached skill level 5 in Conjurations
   791 | D:1      | You fall through a shaft!
   911 | D:1      | Learned a level 2 spell: Searing Ray
   991 | D:2      | Reached XP level 3. HP: 19/19 MP: 7/10
  1214 | D:2      | Learned a level 3 spell: Dazzling Spray
  1400 | D:2      | Reached skill level 4 in Spellcasting
  1805 | D:2      | Reached XP level 4. HP: 24/24 MP: 2/12
  2372 | D:3      | Found a glowing golden altar of the Shining One.
  2372 | D:3      | Found a bloodstained altar of Trog.
  2458 | D:3      | Reached skill level 5 in Spellcasting
  2476 | D:3      | Reached XP level 5. HP: 22/28 MP: 6/14
  3160 | D:4      | Noticed an ogre
  3169 | D:3      | Killed an ogre
  3169 | D:3      | Reached skill level 6 in Spellcasting
  3408 | D:4      | Reached XP level 6. HP: 23/32 MP: 0/17
  3563 | D:4      | Found a white marble altar of Elyvilon.
  3640 | D:4      | Reached skill level 7 in Spellcasting
  4078 | D:5      | Entered Level 5 of the Dungeon
  4116 | D:5      | Slain by an iguana

Vault maps used:
D:1:      co_arrival_hall_of_pillars
D:3:      gammafunk_temple_overflow_wave
D:4:      nicolae_overflow_hidden_temple, first_bread
D:5:      gammafunk_temple_overflow_elements, basic_altar

Skill      XL: |  1  2  3  4  5  6 |
---------------+-------------------+-----
Conjurations   | 5 6 |  6.8
Spellcasting   | 4 5 6 7 |  7.7
Dodging        | |  2.5
Stealth        | |  2.4

Action                   |  1- 3 |  4- 6 || total
-------------------------+-------+-------++-------
Melee: Unarmed           |     1 |       ||     1
 Cast: Magic Dart        |    82 |   123 ||   205
       Searing Ray       |     2 |     5 ||     7
  Use: Scroll            |     5 |     4 ||     9
  Eat: Bread ration      |     1 |       ||     1
       Fruit             |       |     2 ||     2
       Royal jelly       |       |     1 ||     1
       Beef jerky        |       |     1 ||     1
Armor: Robe              |     2 |       ||     2
Dodge: Dodged            |    10 |    15 ||    25
